 Dungeon Crawl Stone Soup version 0.20.1-1-g8b1a95d (webtiles) character file.

10292 dohliylev the Unseen (level 11, -8/112 HPs)
             Began as a Vampire Enchanter on Aug 8, 2017.
             Was a Follower of Nemelex Xobeh.
             Mangled by a yak (15 damage)
             ... on level 9 of the Dungeon.
             The game lasted 00:43:36 (10325 turns).

dohliylev the Unseen (Vampire Enchanter)           Turns: 10325, Time: 00:43:37

Health: -8/112     AC:  5    Str: 12    XL:     11   Next: 34%
Magic:  14/29      EV: 18    Int: 25    God:    Nemelex Xobeh [*.....]
Gold:   401        SH:  4    Dex: 16    Spells: 13/22 levels left

rFire    . . .     SeeInvis +   a - +1 dagger (venom)
rCold    . . .     Gourm    .   H - +0 buckler
rNeg     + . .     Faith    .   b - +0 robe
rPois    .         Spirit   .   (no helmet)
rElec    .         Reflect  .   x - +0 cloak
rCorr    .         Harm     .   (no gloves)
MR       +....                  G - +1 pair of boots
Stlth    ..........             l - amulet of rage
Regen    0.3/turn               i - +5 ring of intelligence
MPRegen  0.3/turn               B - ring of magical power

@: berserking (expiring), very quick
A: fangs 3, see invisible, unbreathing
a: Bat Form, Renounce Religion, Evoke Berserk Rage


You were on level 9 of the Dungeon.
You worshipped Nemelex Xobeh.
Nemelex Xobeh was aware of your devotion.
You were not thirsty.

You visited 2 branches of the dungeon, and saw 11 of its levels.

You collected 401 gold pieces.

Inventory:

Hand Weapons
 a - a +1 dagger of venom (weapon)
 q - a +2 dagger of draining
 A - a +1 dagger of speed
 N - a +4 dagger of chaos
Armour
 b - a +0 robe (worn)
 x - a +0 cloak (worn)
 G - a +1 pair of boots (worn)
 H - a +0 buckler (worn)
Jewellery
 i - a +5 ring of intelligence (left hand)
 l - an amulet of rage (around neck)
 B - a ring of magical power (right hand)
 L - an uncursed ring of fire {unknown}
Wands
 p - a wand of iceblast (9/15)
 z - a wand of disintegration (16/24)
Scrolls
 h - 4 scrolls of enchant armour {unknown}
 j - 5 scrolls of remove curse
 k - 2 scrolls of enchant weapon {unknown}
 m - 5 scrolls of teleportation {unknown}
 n - 5 scrolls of identify {unknown}
 w - a scroll of blinking {unknown}
 y - 3 scrolls of fog {unknown}
 C - a scroll of random uselessness {unknown}
 D - a scroll of immolation {unknown}
Potions
 d - 10 potions of blood
 e - a potion of heal wounds {unknown}
 f - 4 potions of might {unknown}
 g - a potion of curing {unknown}
 o - 2 potions of degeneration {unknown}
 r - 2 potions of mutation {unknown}
 s - 2 potions of lignification {unknown}
 t - 3 potions of haste
 u - a potion of invisibility {unknown}
 v - 3 potions of agility {unknown}
 F - a potion of brilliance {unknown}
 M - a potion of flight {unknown}
Books
 c - a book of Maledictions

   Spells                             Type                      Level
   a - Corona                         Hexes                        1
   b - Ensorcelled Hibernation        Hexes/Ice                    2
   c - Confuse                        Hexes                        3
   d - Tukima's Dance                 Hexes                        3
   e - Dazzling Spray                 Conjuration/Hexes            3
 J - a book of the Sky

   Spells                             Type                      Level
   a - Summon Lightning Spire         Summoning/Air                4
   b - Silence                        Hexes/Air                    5
   c - Deflect Missiles               Charms/Air                   6
   d - Conjure Ball Lightning         Conjuration/Air              6
   e - Tornado                        Air                          9
Miscellaneous
 E - a plain deck of escape
 I - a plain deck of escape
 K - a plain deck of summoning {drawn: 1}


   Skills:
 + Level 3.1 Fighting
 + Level 7.2 Short Blades
 + Level 9.0 Dodging
 - Level 16.0 Stealth
 + Level 1.2 Shields
 - Level 6.0 Spellcasting
 - Level 9.0 Hexes
 - Level 3.0 Ice Magic
 + Level 2.2 Evocations


You had 13 spell levels left.
You knew the following spells:

 Your Spells              Type           Power        Failure   Level  Hunger
a - Corona                Hex            ######.      1%          1    None
b - Ensorcelled Hibernat  Hex/Ice        #####.       1%          2    None
c - Confuse               Hex            ######..     1%          3    None
d - Dazzling Spray        Conj/Hex       ####..       4%          3    None


Dungeon Overview and Level Annotations

Branches:
Dungeon (10/15)            Temple (1/1) D:4
   Lair: D:8-11         Orc: D:9-12

Altars:
Ashenzari
Cheibriados
Dithmenos
Elyvilon
Fedhas
Gozag
Hepliaklqana
Kikubaaqudgha
Makhleb
Nemelex Xobeh
Okawaru
Qazlal
Ru
Sif Muna
Trog
Uskayaw
Vehumet
Xom
Yredelemnul
Zin
The Shining One


Innate Abilities, Weirdness & Mutations

You have razor-sharp teeth.
You have supernaturally acute eyesight. (SInv)
You can survive without breathing.


Message History

You kill the yak!
Your Dodging skill increases to level 9!
The yak misses you.
You hit the yak.
The yak is poisoned.
The yak is moderately wounded.
You puncture the yak!
The yak looks as sick as possible!
The yak is heavily wounded.
The yak closely misses you.
You closely miss the yak.
The yak is heavily wounded.
The yak misses you.
You hit the yak.
The yak is severely wounded.
The yak gores you!
* * * LOW HITPOINT WARNING * * *
You hit the yak.
The yak is almost dead.
The yak gores you!
You die...
Your body disappears without a glow.

#........####+###...#
#........#......#...#
#........#......#...#
#####....#......#.Y.#
#....#####'##YY.#
#..........[..Y.######
#.......#######.......
#####.......#.....#.......
#........@†.#.....#.......
#.......YY..#.....#Y......
#.........!.#.....#...Y...
#...........#.....#.......
#...........'.....#..###..
#.........).#'#####Y.# #..
###########.....†Y.T.# .
#..........# #.....(Y...#


You could see 2 yaks.

Vanquished Creatures
  Erolcha (D:9)
  3 two-headed ogres
  The ghost of Frank the Slicer, a novice OpMo of Gozag (D:7)
  Pikel (D:4)
  The ghost of NorthaanB the Tormented, a novice DsNe of Kikubaaqudgha (D:6)
  The ghost of Monsterracer the Covert, a novice SpEn of Dithmenos (D:8)
  Psyche (D:8)
  A troll (D:9)
  Grinder (D:5)
  6 yaks (D:9)
  Sigmund (D:4)
  Eustachio (D:4)
  A steam dragon (D:6)
  Grum (D:9)
  2 soldier ants (D:8)
  Edmund (D:4)
  A water moccasin (D:8)
  An orc warrior (D:7)
  A sky beast (D:8)
  3 ice beasts
  2 phantoms
  3 ogres
  4 wolves
  The ghost of Frank the Skirmisher, an amateur OpMo (D:3)
  3 centaurs
  3 bullfrogs
  A gnoll sergeant (D:10)
  A water moccasin zombie (D:5)
  3 scorpions
  5 wights
  A howler monkey (D:9)
  3 crimson imps
  A centaur zombie (D:7)
  A quasit (D:8)
  A bullfrog zombie (D:5)
  2 jellies
  2 hounds
  An orc priest (D:7)
  6 orc wizards
  A centaur skeleton (D:6)
  Ijyb (D:3)
  3 iguanas
  6 worker ants
  A hound skeleton (D:7)
  A howler monkey zombie (D:7)
  10 adders
  11 gnolls
  2 oozes
  An adder skeleton (D:7)
  An adder zombie (D:6)
  6 worms
  2 dart slugs
  4 leopard geckos
  17 orcs
  3 giant cockroaches (D:1)
  12 goblins
  11 hobgoblins
  4 jackals (D:6)
  10 kobolds
  7 quokkas
  9 bats
  3 frilled lizards
  8 rats
208 creatures vanquished.

Notes
Turn   | Place    | Note
-------+----------+-------------------------------------------
     0 | D:1      | dohliylev the Vampire Enchanter began the quest for the Orb.
     0 | D:1      | Reached XP level 1. HP: 13/13 MP: 3/3
   425 | D:1      | Reached XP level 2. HP: 13/19 MP: 3/5
   437 | D:1      | Learned a level 2 spell: Ensorcelled Hibernation
   702 | D:1      | Reached skill level 5 in Hexes
  1045 | D:2      | Reached XP level 3. HP: 21/24 MP: 2/6
  1103 | D:2      | Reached skill level 5 in Stealth
  1126 | D:2      | Reached XP level 4. HP: 10/30 MP: 0/7
  1866 | D:2      | Reached skill level 1 in Ice Magic
  2378 | D:2      | Learned a level 3 spell: Confuse
  2416 | D:2      | Reached XP level 5. HP: 33/36 MP: 4/9
  2617 | D:3      | Noticed Frank's ghost (amateur OpMo)
  3003 | D:3      | Found a deep blue altar of Sif Muna.
  3062 | D:3      | Noticed Ijyb
  3082 | D:3      | Killed Ijyb
  3140 | D:3      | Found a bloodstained altar of Trog.
  3325 | D:4      | Noticed Eustachio
  3326 | D:4      | Found a staircase to the Ecumenical Temple.
  3334 | D:5      | Entered Level 5 of the Dungeon
  3334 | D:5      | Noticed a centaur
  3337 | D:5      | Killed a centaur
  3337 | D:5      | Reached XP level 6. HP: 41/42 MP: 2/10
  3467 | D:5      | Noticed an ice beast
  3494 | D:5      | Killed an ice beast
  3494 | D:5      | Reached skill level 6 in Stealth
  3538 | D:5      | Reached skill level 1 in Fighting
  3640 | D:5      | Reached XP level 7. HP: 30/48 MP: 1/12
  3853 | D:5      | Noticed Grinder
  3874 | D:5      | Killed Grinder
  3874 | D:5      | Reached skill level 7 in Stealth
  4097 | D:4      | Noticed Edmund
  4105 | D:4      | Reached skill level 8 in Stealth
  4137 | D:4      | Killed Edmund
  4433 | D:3      | Killed Frank's ghost
  4433 | D:3      | Reached skill level 9 in Stealth
  4433 | D:3      | Reached XP level 8. HP: 54/54 MP: 10/14
  4651 | Temple   | Entered the Ecumenical Temple
  4804 | D:4      | Noticed Sigmund
  4806 | D:4      | Noticed Pikel
  4829 | D:4      | Killed Pikel
  4829 | D:4      | Reached skill level 5 in Short Blades
  4829 | D:4      | Reached skill level 11 in Stealth
  4829 | D:4      | Reached skill level 1 in Evocations
  5075 | D:4      | Killed Eustachio
  5075 | D:4      | Reached skill level 5 in Dodging
  5397 | D:4      | Killed Sigmund
  5397 | D:4      | Reached XP level 9. HP: 59/59 MP: 15/15
  5816 | D:6      | Noticed NorthaanB's ghost (novice DsNe)
  6628 | D:6      | Killed NorthaanB's ghost
  6923 | Temple   | Became a worshipper of Nemelex Xobeh the Trickster
  7038 | D:7      | Received a gift from Nemelex Xobeh
  7280 | D:7      | Reached skill level 12 in Stealth
  7369 | D:7      | Reached skill level 5 in Spellcasting
  7692 | D:7      | Found a glowing golden altar of the Shining One.
  7715 | D:7      | Noticed Frank's ghost (novice OpMo)
  7733 | D:7      | Killed Frank's ghost
  7733 | D:7      | Reached XP level 10. HP: 66/66 MP: 7/17
  7965 | D:8      | Found a radiant altar of Vehumet.
  7969 | D:8      | Found an ancient bone altar of Kikubaaqudgha.
  7997 | D:8      | Reached skill level 13 in Stealth
  8029 | D:8      | Reached * piety under Nemelex Xobeh
  8195 | D:8      | Noticed Psyche
  8197 | D:8      | Noticed Monsterracer's ghost (novice SpEn)
  8199 | D:8      | Killed Psyche
  8219 | D:8      | Noticed a two-headed ogre
  8238 | D:9      | Noticed a two-headed ogre
  8291 | D:9      | Noticed Grum
  8408 | D:9      | Received a gift from Nemelex Xobeh
  8431 | D:10     | Entered Level 10 of the Dungeon
  8833 | D:10     | Learned a level 3 spell: Dazzling Spray
  8864 | D:9      | Killed a two-headed ogre
  8954 | D:9      | Killed Grum
  9019 | D:9      | Noticed Erolcha
  9028 | D:9      | Killed Erolcha
  9028 | D:9      | Reached skill level 14 in Stealth
  9159 | D:8      | Received a gift from Nemelex Xobeh
  9283 | D:8      | Reached skill level 1 in Shields
  9426 | D:8      | Killed Monsterracer's ghost
  9426 | D:8      | Reached skill level 15 in Stealth
  9426 | D:8      | Reached XP level 11. HP: 71/73 MP: 20/20
  9618 | D:8      | Killed a two-headed ogre
 10081 | D:9      | Noticed a two-headed ogre
 10093 | D:9      | Killed a two-headed ogre
 10093 | D:9      | Reached skill level 16 in Stealth
 10325 | D:9      | Mangled by a yak

Skill      XL: |  1  2  3  4  5  6  7  8  9 10 11 |
---------------+----------------------------------+-----
Hexes          | 5 6 7 9 |  9.0
Stealth        | 5 6 9 11 12 15 16 | 16.0
Ice Magic      | 1 2 3 |  3.0
Short Blades   | 2 3 4 5 6 7 |  7.2
Spellcasting   | 3 4 5 6 |  6.0
Fighting       | 1 2 3 |  3.1
Dodging        | 3 6 8 9 |  9.0
Evocations     | 1 2 |  2.2
Shields        | 1 |  1.2

Action                   |  1- 3 |  4- 6 |  7- 9 | 10-12 || total
-------------------------+-------+-------+-------+-------++-------
Melee: Dagger            |    96 |   191 |   226 |    91 ||   604
       Bite              |     8 |    13 |    20 |     6 ||    47
 Cast: Corona            |     2 |     5 |    17 |     9 ||    33
       Ensorcelled Hiber |    14 |    36 |    72 |    51 ||   173
       Confuse           |       |    11 |    28 |    17 ||    56
 Abil: Evoke Berserk Rag |       |     5 |     4 |     3 ||    12
       End Transformatio |       |       |     1 |     1 ||     2
       Bat Form          |       |       |     1 |     1 ||     2
Evoke: Deck              |       |       |       |     1 ||     1
  Use: Potion            |       |     2 |     4 |     8 ||    14
       Scroll            |       |       |       |     1 ||     1
 Stab: Sleeping          |    11 |    23 |    52 |    37 ||   123
       Confused          |       |     2 |    21 |     7 ||    30
  Eat: Corpse            |     6 |    11 |    12 |     4 ||    33
Armor: Robe              |    17 |    27 |     9 |     4 ||    57
Dodge: Dodged            |    59 |   144 |   125 |    53 ||   381
Block: Buckler           |       |       |       |    14 ||    14
